 Dungeon Crawl Stone Soup version 0.25.1-2-g60ff931df9 (webtiles) character file.

Game seed: 6656822790600813217

10430 lorenzova the Thaumaturge (level 11, -5/54 HPs)
             Began as a Deep Elf Conjurer on Aug 26, 2020.
             Was a Follower of Vehumet.
             Slain by a large abomination (34 damage)
             ... on level 9 of the Dungeon.
             The game lasted 00:40:31 (12071 turns).

lorenzova the Thaumaturge (Deep Elf Conjurer)      Turns: 12071, Time: 00:40:31

Health: -5/54      AC:  5    Str:  5    XL:     11   Next: 36%
Magic:  21/31      EV: 28    Int: 33    God:    Vehumet [*.....]
Gold:   1053       SH:  0    Dex: 18    Spells: 27/39 levels left

rFire    . . .     SeeInvis +   P - +1 long sword "Caemi" {venom, Int+3 Dex+3}
rCold    . . .     Gourm    .   (no shield)
rNeg     . . .     Faith    .   a - +0 robe
rPois    .         Spirit   .   f - +2 hat
rElec    .         Reflect  .   A - +0 cloak
rCorr    .         Harm     .   (no gloves)
MR       +....                  (no boots)
Stlth    ++........             h - amulet of the acrobat
HPRegen  0.18/turn              F - ring of see invisible
MPRegen  0.22/turn              O - +6 ring of intelligence

@: acrobat
A: no striking features
a: Renounce Religion


You were on level 9 of the Dungeon.
You worshipped Vehumet.
Vehumet was aware of your devotion.
You were hungry.

You visited 2 branches of the dungeon, and saw 10 of its levels.

You collected 1053 gold pieces.

Inventory:

Hand Weapons
 q - a +2 short sword of flaming
 z - a +2 quarterstaff of chaos
 P - the +1 long sword "Caemi" (weapon) {venom, Int+3 Dex+3}
   (You found it on level 9 of the Dungeon)

   It poisons the flesh of those it strikes.
   It affects your intelligence (+3).
   It affects your dexterity (+3).
Armour
 a - a +0 robe (worn)
 f - a +2 hat (worn)
 A - a +0 cloak (worn)
 B - a +3 leather armour of positive energy
Jewellery
 h - an amulet of the acrobat (around neck)
 i - an uncursed ring of wizardry
 F - a ring of see invisible (left hand)
 G - a +6 ring of dexterity
 H - an uncursed ring of protection from fire
 L - an uncursed ring of flight
 O - a +6 ring of intelligence (right hand)
Wands
 t - a wand of flame (9)
 y - a wand of digging (8)
 E - a wand of disintegration (14)
 I - a wand of iceblast (10)
 M - a wand of random effects (17)
 N - a wand of acid (8)
 Q - a wand of enslavement (6)
Scrolls
 b - 3 scrolls of teleportation
 e - 7 scrolls of remove curse
 g - 3 scrolls of blinking
 j - 3 scrolls of identify
 k - 4 scrolls of enchant armour
 r - 2 scrolls of immolation {unknown}
 u - 2 scrolls of amnesia {unknown}
 w - 2 scrolls of magic mapping {unknown}
 C - 3 scrolls of enchant weapon {unknown}
 D - 2 scrolls of noise {unknown}
 J - a scroll of summoning {unknown}
Potions
 d - a potion of haste
 l - 4 potions of heal wounds
 m - a potion of stabbing {unknown}
 n - 2 potions of resistance {unknown}
 o - a potion of mutation {unknown}
 p - a potion of curing {unknown}
 s - a potion of degeneration {unknown}
 v - 2 potions of ambrosia {unknown}
 x - 2 potions of flight
 K - a potion of might
Comestibles
 c - 16 rations


   Skills:
 - Level 2.4 Dodging
 - Level 2.4 Stealth
 * Level 14.5 Spellcasting
 * Level 13.0 Conjurations
 + Level 9.8 Hexes
 + Level 0.6 Fire Magic


You had 27 spell levels left.
You knew the following spells:

 Your Spells              Type           Power        Failure   Level  Hunger
a - Magic Dart            Conj           ####         0%          1    None
b - Searing Ray           Conj           ######       0%          2    None
c - Iskenderun's Mystic   Conj/Tloc      ######..     1%          4    None
d - Fulminant Prism       Conj/Hex       #######...   1%          4    None
e - Foxfire               Conj/Fire      ####         1%          1    None

Your spell library contained the following spells:

 Spells                   Type           Power        Failure   Level  Hunger
 Infusion                 Chrm           ###.         1%          1    None
 Shock                    Conj/Air       ####         1%          1    None
 Dazzling Flash           Conj/Hex       ######       1%          3    None
 Spectral Weapon          Hex/Chrm       ######..     1%          3    None
 Static Discharge         Conj/Air       ######..     1%          3    None
 Shroud of Golubria       Chrm/Tloc      ###...       2%          2    None
 Song of Slaying          Chrm           ###.....     2%          2    None
 Swiftness                Chrm/Air       ###.....     2%          2    None
 Lightning Bolt           Conj/Air       ######....   3%          5    None
 Ozocubu's Armour         Chrm/Ice       ###.....     5%          3    None
 Airstrike                Air            ###.......   19%         4    None


Dungeon Overview and Level Annotations

Branches:
Dungeon (9/15)             Temple (1/1) D:5
   Lair: D:8-11         Orc: D:9-12

Altars:
Ashenzari
Cheibriados
Dithmenos
Elyvilon
Fedhas
Gozag
Hepliaklqana
Kikubaaqudgha
Makhleb
Nemelex Xobeh
Okawaru
Qazlal
Ru
Sif Muna
Trog
Uskayaw
Vehumet
Wu Jian
Xom
Yredelemnul
Zin
The Shining One

Shops:
D:8 }

Annotations:
D:6 2 runed translucent doors, LifeIsToil's ghost, novice DsGl


Message History

You conjure some foxfire!
The foxfire hits the large abomination but does no damage.
The large abomination is heavily damaged.
The foxfire hits the large abomination.
The large abomination is heavily damaged.
The large abomination completely misses you.
Casting: Foxfire (safe; 1% risk of failure)
Confirm with . or Enter, or press ? or * to list all spells.
Aiming: Searing Ray (safe; 0% risk of failure)
Press: ? - help, Shift-Dir - straight line, f/p - large abomination
Aim: a large abomination (heavily damaged)
The searing ray hits the large abomination.
The large abomination is heavily damaged. (Press . to maintain the ray.)
The large abomination hits you!!
The searing ray hits the large abomination.
The large abomination is heavily damaged.
The large abomination hits you!!
Ouch! That really hurt!
You die...

#.............#.......#......
#.......#.....#.......#).....
##...........................
##......##......#............
#.....................(.[....
#....#......................#
#...........................#
#...........................#
#......####X@........##..####
#.........#..........###.###.
#.........#..........##...##.
#.....[...###.....<.......<#.
#.........# #....####.....###
#........####.......#....## #
######.....##.......#....####
#..........#............#...
#..........#............#..#


You could see a large abomination.

Vanquished Creatures
  Harold (D:7)
  An unseen horror (D:9)
  A wizard (D:9)
  Prince Ribbit (D:7)
  2 hippogriffs
  A wyvern (D:9)
  7 small abominations (D:9)
  4 large abominations (D:9)
  Eustachio (D:4)
  6 yaks
  Grum (D:9)
  Menkaure (D:6)
  Edmund (D:4)
  A water moccasin (D:8)
  2 ice beasts
  6 sky beasts
  3 orc warriors
  2 black bears
  2 phantoms
  4 wolves
  A necrophage (D:8)
  2 centaurs (D:9)
  3 ogres
  A crocodile (D:9)
  A big kobold (D:9)
  3 bullfrogs
  4 scorpions
  An oklob sapling (D:5)
  10 killer bees
  A howler monkey (D:3)
  4 wights
  A centaur zombie (D:9)
  2 crimson imps
  2 bullfrog zombies
  9 orc priests
  2 jellies
  8 orc wizards
  Crazy Yiuf (D:4)
  An iguana (D:5)
  3 worker ants
  2 hound skeletons
  11 gnolls
  A howler monkey skeleton (D:4)
  11 adders
  An ooze (D:1)
  An adder zombie (D:6)
  2 adder skeletons
  4 worms
  3 dart slugs
  6 leopard geckos
  28 orcs
  2 giant cockroaches
  6 goblins
  11 hobgoblins
  11 jackals
  3 quokkas
  8 bats
  4 frilled lizards
  A giant cockroach zombie (D:6)
  5 kobolds
  A leopard gecko zombie (D:5)
  A quokka zombie (D:6)
  5 rats
  A foxfire (D:9)
  8 plants (D:5)
245 creatures vanquished.

Vanquished Creatures (others)
  8 foxfires (D:9)
  31 fulminant prisms
39 creatures vanquished.

Grand Total: 284 creatures vanquished

Notes
Turn   | Place    | Note
-------+----------+-------------------------------------------
     0 | D:1      | lorenzova the Deep Elf Conjurer began the quest for the
                  | Orb.
     0 | D:1      | Reached XP level 1. HP: 10/10 MP: 6/6
   242 | D:1      | Reached XP level 2. HP: 15/15 MP: 0/8
   316 | D:1      | Learned a level 2 spell: Searing Ray
   936 | D:2      | Reached skill level 4 in Spellcasting
  1052 | D:2      | Reached XP level 3. HP: 19/19 MP: 4/10
  1158 | D:2      | Reached skill level 5 in Conjurations
  2390 | D:3      | Reached XP level 4. HP: 16/24 MP: 8/12
  2522 | D:3      | Reached skill level 5 in Spellcasting
  2534 | D:3      | Reached XP level 5. HP: 27/28 MP: 4/14
  3069 | D:3      | Reached skill level 6 in Spellcasting
  3542 | D:4      | You fall into a shaft and drop 2 floors!
  3718 | D:6      | Learned a level 4 spell: Fulminant Prism
  3799 | D:5      | Entered Level 5 of the Dungeon
  3829 | D:5      | Reached XP level 6. HP: 17/32 MP: 9/17
  3978 | D:5      | Reached skill level 1 in Hexes
  4086 | D:4      | Noticed an ice beast
  4108 | D:4      | Killed an ice beast
  4108 | D:4      | Reached skill level 7 in Spellcasting
  4240 | D:4      | Found a runed translucent door.
  4241 | D:4      | Noticed Crazy Yiuf
  4253 | D:4      | Killed Crazy Yiuf
  4484 | D:4      | Noticed Eustachio
  4608 | D:4      | Killed Eustachio
  4608 | D:4      | Reached XP level 7. HP: 36/36 MP: 10/20
  4824 | D:4      | Noticed Edmund
  5006 | D:4      | Killed Edmund
  5071 | D:5      | Reached skill level 8 in Spellcasting
  5187 | D:5      | Found a white marble altar of Elyvilon.
  5415 | D:5      | Found a staircase to the Ecumenical Temple.
  5693 | D:6      | Reached XP level 8. HP: 41/41 MP: 20/22
  5804 | D:6      | Reached skill level 9 in Spellcasting
  6059 | D:6      | Noticed Menkaure
  6064 | D:6      | Killed Menkaure
  6298 | D:6      | Reached skill level 5 in Hexes
  6347 | D:6      | Found a large runed translucent door.
  6347 | D:6      | Found a large runed translucent door.
  6347 | D:6      | Noticed LifeIsToil's ghost (novice DsGl)
  6650 | D:7      | Reached skill level 10 in Spellcasting
  6683 | D:7      | Noticed Harold
  6790 | D:7      | Reached XP level 9. HP: 45/45 MP: 11/25
  6877 | D:7      | Found a shadowy altar of Dithmenos.
  7261 | D:7      | Noticed Prince Ribbit
  7268 | D:7      | Killed Prince Ribbit
  7268 | D:7      | Reached skill level 11 in Spellcasting
  7268 | D:7      | Reached skill level 10 in Conjurations
  7358 | D:7      | Learned a level 4 spell: Iskenderun's Mystic Blast
  7926 | D:7      | Killed Harold
  7926 | D:7      | Reached skill level 12 in Spellcasting
  8198 | D:8      | Reached XP level 10. HP: 50/50 MP: 21/28
  8461 | D:8      | Found Norieh's Gadget Shop.
  8631 | D:8      | Found a bloodstained altar of Trog.
  9292 | Temple   | Entered the Ecumenical Temple
  9552 | Temple   | Became a worshipper of Vehumet
  9813 | D:8      | Reached skill level 13 in Spellcasting
  9954 | D:9      | Noticed Grum
  9965 | D:9      | Killed Grum
 10768 | D:9      | Noticed an unseen horror
 10776 | D:9      | Killed an unseen horror
 10776 | D:9      | Reached XP level 11. HP: 49/54 MP: 12/30
 11181 | D:9      | Reached skill level 14 in Spellcasting
 11480 | D:9      | Noticed a wizard
 11486 | D:9      | Killed a wizard
 11522 | D:9      | Noticed a large abomination
 11522 | D:9      | Noticed a large abomination
 11572 | D:9      | Got an ivory long sword
 11580 | D:9      | Identified the +1 long sword "Caemi" {venom, Int+3 Dex+3}
                  | (You found it on level 9 of the Dungeon)
 11642 | D:9      | Reached * piety under Vehumet
 11642 | D:9      | Offered knowledge of Foxfire by Vehumet.
 11648 | D:9      | Learned a level 1 spell: Foxfire
 11677 | D:9      | Killed a large abomination
 11983 | D:9      | Killed a large abomination
 12071 | D:9      | Slain by a large abomination

Illustrated notes

Levels and vault maps discovered:
D:1:      mrwooster_arrival_arrow, layout_loops_ring, minmay_pentomino_q2
D:2:      layout_basic
D:3:      layout_rooms, st_stairs_13
D:4:      layout_basic, first_ration, uniq_crazy_yiuf_cottage, uniq_edmund,
          uniq_eustachio
D:5:      layout_rooms, minmay_temple_entry_oklob, basic_altar
D:6:      layout_loops_cross, ebering_ghost_disaster_area,
          wad_floor_pattern_untrapped, uniq_menkaure
D:7:      layout_rooms, grunt_dithmenos_smoke, uniq_prince_ribbit1, uniq_harold
D:8:      layout_cave_pools, serial_shops, kennysheep_mini,
          david_defended_altar_orc
D:9:      minmay_polygon_palace, layout_basic, grunt_pizzeria, laboratory,
          uniq_grum
Temple:   nicolae_temple_the_god_donut

Skill      XL: |  1  2  3  4  5  6  7  8  9 10 11 |
---------------+----------------------------------+-----
Spellcasting   | 4 5 6 7 8 10 12 13 14 | 14.5
Conjurations   | 5 6 7 8 9 11 12 13 | 13.0
Hexes          | 2 3 5 7 9 |  9.8
Dodging        | |  2.4
Stealth        | |  2.4
Fire Magic     | |  0.6

Action                   |  1- 3 |  4- 6 |  7- 9 | 10-12 || total
-------------------------+-------+-------+-------+-------++-------
Melee: Quarterstaff      |       |       |     2 |       ||     2
       Short sword       |       |       |     8 |     1 ||     9
 Cast: Magic Dart        |    98 |   102 |   154 |   107 ||   461
       Searing Ray       |       |    11 |    37 |    37 ||    85
       Fulminant Prism   |       |       |     8 |    23 ||    31
       Iskenderun's Myst |       |       |     1 |    14 ||    15
       Foxfire           |       |       |       |     7 ||     7
  Use: Scroll            |     1 |       |     6 |     3 ||    10
  Eat: Chunk             |     4 |     6 |    12 |     4 ||    26
       Ration            |       |       |       |     2 ||     2
Armor: Robe              |     3 |       |     3 |     7 ||    13
Dodge: Dodged            |    14 |    13 |    44 |    57 ||   128
       Rpst.: Long sword |       |       |       |     2 ||     2
